 Dungeon Crawl Stone Soup version 0.19-a0-277-g85cb9a5 (webtiles) character file.

93 ololoev the Magician (level 4, -6/24 HPs)
             Began as a Deep Elf Fire Elementalist on May 26, 2016.
             Was a Follower of Elyvilon.
             Killed by divine providence
             ... invoked by an orc priest
              (12 damage)
             ... on level 4 of the Dungeon.
             The game lasted 00:07:44 (686 turns).

ololoev the Magician (Deep Elf Fire Elementalist)    Turns: 686, Time: 00:07:44

Health: -6/24      AC:  2    Str:  5    XL:     4   Next: 36%
Magic:  8/12       EV: 12    Int: 21    God:    Elyvilon [*.....]
Gold:   85         SH:  0    Dex: 17    Spells: 3 memorised, 3 levels left

rFire  . . .     SeeInvis .     (no weapon)
rCold  . . .     Gourm    .     a - +0 robe
rNeg   . . .     Faith    .     (no shield)
rPois  .         Spirit   .     (no helmet)
rElec  .         Dismiss  .     (no cloak)
rCorr  .         Reflect  .     (no gloves)
SustAt .         Harm     .     (no boots)
MR     .....                    (no amulet)
Stlth  +++.......               q - +2 ring of dexterity
                                f - ring of stealth

@: protection, drained, not resistant to hostile enchantments, fairly stealthy
A: no striking features
a: Lesser Healing, Divine Protection, Renounce Religion

Inventory:

Armour
 a - a +0 robe (worn)
Jewellery
 f - a ring of stealth (left hand)
 o - an uncursed ring of sustain attributes
 q - a +2 ring of dexterity (right hand)
Scrolls
 d - a scroll of teleportation {unknown}
 e - 2 scrolls of fog {unknown}
 g - a scroll of recharging {unknown}
 i - 2 scrolls of enchant weapon {unknown}
 j - a scroll of remove curse {unknown}
 m - a scroll of immolation {unknown}
Potions
 h - 2 potions of invisibility {unknown}
 k - a potion of resistance {unknown}
 l - a potion of curing {unknown}
 n - a potion of ambrosia {unknown}
 p - a potion of cancellation {unknown}
Books
 b - a book of Flames

   Spells                             Type                      Level
   a - Flame Tongue                   Conjuration/Fire             1
   b - Throw Flame                    Conjuration/Fire             2
   c - Conjure Flame                  Conjuration/Fire             3
   d - Inner Flame                    Hexes/Fire                   3
   e - Sticky Flame                   Conjuration/Fire             4
   f - Fireball                       Conjuration/Fire             5
Comestibles
 c - 2 bread rations


   Skills:
 - Level 2.4(1.6) Dodging
 - Level 2.4(1.6) Stealth
 + Level 4.0(3.1) Spellcasting
 * Level 3.1(2.3) Conjurations
 + Level 3.9(3.0) Fire Magic
 + Level 1.2(0.4) Invocations


You had 3 spell levels left.
You knew the following spells:

 Your Spells              Type           Power        Failure   Level  Hunger
a - Flame Tongue          Conj/Fire      ##...        6%          1    None
b - Conjure Flame         Conj/Fire      ##......     17%         3    ###....
c - Sticky Flame          Conj/Fire      ##......     54%         4    ####...


You were on level 4 of the Dungeon.
You worshipped Elyvilon.
Elyvilon was aware of your devotion.
You were not hungry.

You visited 1 branch of the dungeon, and saw 4 of its levels.

You collected 85 gold pieces.

#.........# #........#
#.........# #........#
#.........# #........#
#.........#######........#
####...#.................#
####...#.................###
..).......................>#
########.................#....
#........@......###....
#................# ..(
#....o.........#.# ..
#####....o.......###.#
#................# ..
#................# #.#
#..........###...#
#..........# ######
#..........# #....

Notes
Turn   | Place    | Note
--------------------------------------------------------------
     0 | D:1      | ololoev the Deep Elf Fire Elementalist began the quest for the Orb.
     0 | D:1      | Reached XP level 1. HP: 10/10 MP: 6/6
    26 | D:1      | DEFE: 27 damage
    27 | D:1      | DEFE: нормально ты отхватил
    27 | D:1      | ololoev: от кого?
    27 | D:1      | ololoev: от тролля то?
    27 | D:1      | DEFE: Вот из-за этого я считаю AC>EV
    29 | D:2      | DEFE: Хилл гиант
    29 | D:2      | ololoev: а
    29 | D:2      | DEFE: SpEn
    29 | D:2      | ololoev: они по 40 выдают периодически
    51 | D:2      | Found a hide-covered altar to Ukayaw.
    52 | D:2      | DEFE: это если в робе
    64 | D:2      | DEFE: ПЛЕЙТОБОГИ смеются надо РОБОДЕБИЛАМИ
    64 | D:2      | Reached XP level 2. HP: 15/15 MP: 2/8
    85 | D:2      | Found a white marble altar of Elyvilon.
    90 | D:2      | DEFE: Хочу пройти уклеле
    96 | D:2      | DEFE: хайэльфом с мечами двойными
   104 | D:2      | DEFE: что бы отыгрыш
   134 | D:2      | Became a worshipper of Elyvilon the Healer
   161 | D:2      | Reached XP level 3. HP: 8/19 MP: 5/10
   418 | D:3      | Found a blossoming altar of Fedhas.
   427 | D:3      | DEFE: вот и спосле этого, они мне говрят, что в ирли дайсы не решают
   431 | D:3      | DEFE: ГОБЛИН может забить
   434 | D:3      | DEFE: Гоблин!
   454 | D:4      | DEFE: без оружия!
   454 | D:4      | ololoev: для хреновых комб еще как решают
   454 | D:4      | ololoev: да и не только в эрли как правило
   473 | D:4      | Learned a level 3 spell: Conjure Flame
   534 | D:4      | Found a sparkling altar of Nemelex Xobeh.
   561 | D:4      | Found a sacrificial altar of Ru.
   572 | D:4      | DEFE: DEFi не самый хард кстати
   585 | D:4      | DEFE: сложнее всего будет SpFi
   587 | D:4      | DEFE: Ну и вампир был жестью
   587 | D:4      | DEFE: там я чудом выиграл
   587 | D:4      | ololoev: вот за спфи можно в принципе то поубегать
   612 | D:4      | Reached skill level 1 in Invocations
   612 | D:4      | Reached XP level 4. HP: 24/24 MP: 5/11
   622 | D:4      | Reached * piety under Elyvilon
   634 | D:4      | Learned a level 4 spell: Sticky Flame
   643 | D:4      | DEFE: да
   643 | D:4      | DEFE: но там кабы беда
   647 | D:4      | DEFE: инты мало
   656 | D:4      | DEFE: а мало инты - не покастуешь
   660 | D:4      | DEFE: ибо голод
   665 | D:4      | Reached skill level 4 in Spellcasting
   686 | D:4      | Killed from afar by an orc priest

Dungeon Overview and Level Annotations

Branches:
Dungeon (4/15)
 Temple: D:4-7

Altars:
Elyvilon
Fedhas
Nemelex Xobeh
Ru
Ukayaw


Message History

You start memorising the spell.
You continue memorising. x4
You finish memorising.
Spell assigned to 'c'.
Found a stone staircase leading down.
Found 9 poisoned needles.
You now have 85 gold pieces (gained 13).
You see here a scroll labeled DEKHYT TATEPN.
i - 2 scrolls labeled DEKHYT TATEPN (gained 1)
The worker ant twitches its antennae in your direction.
Casting: Flame Tongue
Confirm with . or Enter, or press ? or * to list all spells.
Aiming: Flame Tongue
Press: ? - help, Shift-Dir - straight line, f - worker ant
Aim: a worker ant You miscast Flame Tongue.
You are very lightly contaminated with residual magic.
Wisps of smoke drift from your hands.
Casting: Flame Tongue
Confirm with . or Enter, or press ? or * to list all spells.
Aiming: Flame Tongue
Press: ? - help, Shift-Dir - straight line, f/p - worker ant
Aim: a worker ant The flame tongue hits the worker ant.
The worker ant is moderately wounded.
The worker ant barely misses you.
Casting: Flame Tongue
Confirm with . or Enter, or press ? or * to list all spells.
Aiming: Flame Tongue
Press: ? - help, Shift-Dir - straight line, f/p - worker ant
Aim: a worker ant (moderately wounded)
The flame tongue hits the worker ant.
The worker ant is heavily wounded.
The worker ant bites you.
Casting: Flame Tongue
Confirm with . or Enter, or press ? or * to list all spells.
Aiming: Flame Tongue
Press: ? - help, Shift-Dir - straight line, f/p - worker ant
Aim: a worker ant (heavily wounded)
The flame tongue hits the worker ant.
The worker ant is almost dead.
The worker ant barely misses you.
Casting: Flame Tongue
Confirm with . or Enter, or press ? or * to list all spells.
Aiming: Flame Tongue
Press: ? - help, Shift-Dir - straight line, f/p - worker ant
Aim: a worker ant (almost dead)
The flame tongue misses the worker ant.
The worker ant closely misses you. The worker ant bites you.
Casting: Flame Tongue
Confirm with . or Enter, or press ? or * to list all spells.
Aiming: Flame Tongue
Press: ? - help, Shift-Dir - straight line, f/p - worker ant
Aim: a worker ant (almost dead)
The flame tongue hits the worker ant.
You kill the worker ant!
Your base Spellcasting skill increases to level 4!
Your base Conjurations skill increases to level 3!
An orc priest comes into view.
Found 27 stones.
An orc and an orc wizard come into view.
An orc wizard comes into view. It is wielding a dagger.
The orc priest shouts!
Casting: Flame Tongue
Confirm with . or Enter, or press ? or * to list all spells.
You can't see any susceptible monsters within range! (Use Z to cast anyway.) Unknown command.
The orc shouts!
The orc priest calls down the wrath of Beogh upon you.
Beogh smites you!
Ouch! That really hurt!
Casting: Flame Tongue
Confirm with . or Enter, or press ? or * to list all spells.
You can't see any susceptible monsters within range! (Use Z to cast anyway.) Unknown command.
Use which ability? (? or * to list)
You beseech Elyvilon to protect your life.
Your magical contamination has completely faded away.
The orc priest calls down the wrath of Beogh upon you.
Beogh smites you!
Ouch! That really hurt!
You die...

You could see an orc priest and an orc.

Vanquished Creatures
  A worker ant (D:4)
  4 adders
  An ooze (D:2)
  A worm (D:2)
  A dart slug (D:2)
  A giant gecko (D:2)
  An orc (D:4)
  2 giant cockroaches
  A goblin (D:2)
  2 hobgoblins
  4 bats
  A giant gecko zombie (D:4)
  3 kobolds
  3 rats
26 creatures vanquished.

Action                   |  1- 3 |  4- 6 || total
-------------------------+-------+-------++-------
Melee: Unarmed           |     2 |       ||     2
 Cast: Flame Tongue      |    43 |     6 ||    49
       Conjure Flame     |     1 |       ||     1
Invok: Divine Protection |       |     1 ||     1
Armor: Robe              |    10 |       ||    10
Dodge: Dodged            |    28 |     3 ||    31

Vault maps used:
D:1:      minmay_arrival_up_and_down
D:2:      elyvilon_altar_3, lemuel_crystal_altar, serial_bayou,
          serial_bayou_pond_e, serial_bayou_pond_a, serial_bayou_pond_b,
          serial_bayou_lagoon_a
D:3:      fedhas_altar_1, lemuel_doored_altar
D:4:      kennysheep_mini, kennysheep_mini_moat, first_bread, uniq_menkaure
